 Dungeon Crawl Stone Soup version 0.26-a0-652-gafc20e3620 (webtiles) character file.

Game seed: 3035751020820308267

55 DogServant the Grave Robber (level 3, 0/21 HPs)
             Began as a Tengu Necromancer on Oct 3, 2020.
             Slain by a hobgoblin
             ... wielding a +0 club
              (6 damage)
             ... on level 2 of the Dungeon.
             The game lasted 00:01:29 (1219 turns).

DogServant the Grave Robber (Tengu Necromancer)     Turns: 1219, Time: 00:01:30

Health: 0/21       AC:  5    Str:  9    XL:     3   Next: 93%
Magic:  4/7        EV: 10    Int: 15    God:
Gold:   53         SH:  0    Dex: 14    Spells: 4/6 levels left

rFire    . . .     SeeInvis .     - Unarmed
rCold    . . .     Faith    .   (no shield)
rNeg     . . .     Spirit   .   i - +0 ring mail
rPois    .         Reflect  .   (helmet restricted)
rElec    .         Harm     .   (no cloak)
rCorr    .         Rampage  .   (no gloves)
MR       .....                  (boots unavailable)
Stlth    +.........             (no amulet)
HPRegen  0.07/turn              (no ring)
MPRegen  0.10/turn              (no ring)

@: no status effects
A: beak, talons 3
a: no special abilities


You were on level 2 of the Dungeon.
You visited 1 branch of the dungeon, and saw 2 of its levels.

You collected 53 gold pieces.

Inventory:

Armour
 a - a +0 robe
 i - a +0 ring mail (worn)
Scrolls
 c - a scroll of noise {unknown}
 d - a scroll of immolation {unknown}
 e - a scroll of random uselessness {unknown}
 f - a scroll of remove curse {unknown}
 g - 2 scrolls of teleportation {unknown}
 h - a scroll of fog {unknown}
 k - a scroll of identify {unknown}
 l - a scroll of amnesia {unknown}
 m - a scroll of magic mapping {unknown}
Potions
 b - a potion of cancellation {unknown}
 j - a potion of heal wounds {unknown}


   Skills:
 + Level 2.0 Fighting
 + Level 1.5 Armour
 - Level 2.1 Dodging
 - Level 2.0 Stealth
 + Level 2.1 Unarmed Combat
 - Level 2.0 Spellcasting
 - Level 4.3 Necromancy


You had 4 spell levels left.
You knew the following spells:

 Your Spells              Type           Power        Failure   Level
a - Pain                  Necr           ##..         10%         1
b - Animate Skeleton      Necr           ##....       10%         1

Your spell library contained the following spells:

 Spells                   Type           Power        Failure   Level
 Vampiric Draining        Necr           ##........   30%         3
 Animate Dead             Necr           ##........   69%         4
 Agony                    Necr           ##......     95%         5


Dungeon Overview and Level Annotations

Branches:
Dungeon (2/15)

Altars:
Cheibriados


Innate Abilities, Weirdness & Mutations

You have a beak for a mouth.
You have claws for feet.


Message History

Aim: an orc, wearing a +0 ring mail and quivering a boomerang (chance to defeat MR: 85%)
The orc writhes in agony.
The hobgoblin hits you but does no damage.
The orc throws a boomerang.
The boomerang hits you.
The weapon returns to the orc!
Casting: Pain (safe; 10% risk of failure)
Confirm with . or Enter, or press ? or * to list all spells.
Aiming: Pain (safe; 10% risk of failure)
Press: ? - help, Shift-Dir - straight line, f/p - orc
Aim: an orc, wearing a +0 ring mail and quivering a boomerang (severely wounded, chance to defeat MR: 85%)
The orc writhes in agony.
The hobgoblin hits you but does no damage.
Casting: Pain (safe; 10% risk of failure)
Confirm with . or Enter, or press ? or * to list all spells.
Aiming: Pain (safe; 10% risk of failure)
Press: ? - help, Shift-Dir - straight line, f/p - orc
Aim: an orc, wearing a +0 ring mail and quivering a boomerang (almost dead, chance to defeat MR: 85%)
The orc barely resists.
The orc barely misses you. The hobgoblin hits you with a +0 club.
You die...

........# #......
.#..##......###.......
..............)o......
....#.......###......
#..#.....o.# .....
.........## ....
#####..o.†..#########.
.......g##........###.#
##.#.@o....###...... #
###.............#
######..####... ##...#
.##. ###.##.....
#......... ###.........
###...........
#..<##........


You could see 2 orcs and a hobgoblin.

Vanquished Creatures
  An orc wizard (D:2)
  A dart slug (D:1)
  2 leopard geckos
  2 orcs (D:2)
  4 goblins
  3 hobgoblins (D:1)
  A kobold (D:1)
  3 bats
  4 rats
21 creatures vanquished.

Notes
Turn   | Place    | Note
-------+----------+-------------------------------------------
     0 | D:1      | DogServant the Tengu Necromancer began the quest for the
                  | Orb.
     0 | D:1      | Reached XP level 1. HP: 10/10 MP: 4/4
     2 | D:1      | Noticed a vine stalker
     4 | D:1      | Noticed a tengu
     4 | D:1      | Noticed a vampire
     6 | D:1      | Noticed a formicid
     6 | D:1      | Noticed a spriggan
     8 | D:1      | Noticed a dwarf
     8 | D:1      | Noticed a human
    10 | D:1      | Noticed a ghoul
    10 | D:1      | Noticed an octopode
    12 | D:1      | Noticed a troll
    12 | D:1      | Noticed an ogre
    14 | D:1      | Noticed a felid
    14 | D:1      | Noticed a draconian
    16 | D:1      | Noticed a demonspawn
    16 | D:1      | Noticed a demigod
    20 | D:1      | Noticed a merfolk
    20 | D:1      | Noticed a minotaur
    22 | D:1      | Noticed an elf
    24 | D:1      | Noticed a centaur
    24 | D:1      | Noticed a gargoyle
    26 | D:1      | Noticed a halfling
    26 | D:1      | Noticed a naga
   287 | D:1      | Reached skill level 1 in Unarmed Combat
   292 | D:1      | Reached skill level 1 in Fighting
   292 | D:1      | Reached XP level 2. HP: 12/16 MP: 1/6
   501 | D:1      | Found a snail-covered altar of Cheibriados.
  1131 | D:1      | Learned a level 1 spell: Animate Skeleton
  1189 | D:2      | Reached skill level 1 in Armour
  1189 | D:2      | Reached XP level 3. HP: 15/21 MP: 7/7
  1219 | D:2      | Slain by a hobgoblin

Illustrated notes

Levels and vault maps discovered:
D:1:      kb_arrival_jail, layout_basic, cheibriados_altar_1
D:2:      layout_rooms

Skill      XL: |  1  2  3 |
---------------+----------+-----
Unarmed Combat | 1 2 |  2.1
Fighting       | 1 2 |  2.0
Armour         | 1 |  1.5
Dodging        | |  2.1
Stealth        | |  2.0
Spellcasting   | |  2.0
Necromancy     | |  4.3

Action                   || total
-------------------------++-------
Melee: Unarmed           ||    72
       Kick              ||    20
       Peck              ||     8
 Cast: Pain              ||     8
Armor: Robe              ||     3
       Ring mail         ||    31
Dodge: Dodged            ||    46

Table legend: (Time is in decaauts)
 A = Elapsed time spent in this place.
 B = Non-inter-level travel time spent in this place.
 C = Inter-level travel time spent in this place.
 D = Time resting spent in this place.
 E = Time spent auto-exploring this place.
 F = Levels seen in this place.
 G = Mean time per level.
                   A        B        C        D        E       F      G
               +--------+--------+--------+--------+--------+-----+--------+
         Total |   1216 |   1186 |     30 |     66 |    956 |   2 |  608.0 |
       Dungeon |   1216 |   1186 |     30 |     66 |    956 |   2 |  608.0 |
               +--------+--------+--------+--------+--------+-----+--------+

Top non-repeatable levels by time:
     D:1: 1142 daAuts
     D:2: 74 daAuts
